 Dungeon Crawl Stone Soup version 0.28.0 (webtiles) character file.

Game seed: 11702854620369051682

371 willcat the Sneak (level 7, -2/41 HPs)
             Began as a Kobold Delver on Feb 5, 2022.
             Slain by a scorpion (7 damage)
             ... on level 5 of the Dungeon.
             The game lasted 00:01:40 (1518 turns).

willcat the Sneak (Kobold Delver)                   Turns: 1518, Time: 00:01:40

Health: -2/41      AC:  3    Str:  9    XL:     7   Next: 2%
Magic:  4/9        EV: 16    Int: 11    God:
Gold:   78         SH:  0    Dex: 19    Spells: 8/9 levels left

rFire   . . .      SeeInvis .   h - +0 rapier
rCold   . . .      Faith    .   (no shield)
rNeg    . . .      Spirit   .   b - +0 leather armour
rPois   .          Reflect  .   (no helmet)
rElec   .          Harm     .   (no cloak)
rCorr   .          Rampage  .   (no gloves)
Will    .....                   (no boots)
Stlth   +++++.....              (no amulet)
HPRegen 0.13/turn               (no ring)
MPRegen 0.11/turn               (no ring)

@: lethally poisoned (-2 -> -16)
A: small, no large weapons, nightstalker 3
a: no special abilities


You were on level 5 of the Dungeon.
You visited 1 branch of the dungeon, and saw 2 of its levels.

You collected 78 gold pieces.

Inventory:

Hand Weapons
 a - a +0 short sword
 h - a +0 rapier (weapon)
Armour
 b - a +0 leather armour (worn)
Wands
 e - a wand of acid (15)
 g - a wand of digging (3)
Scrolls
 c - a scroll of fog
 d - a scroll of magic mapping
 j - a scroll of teleportation
Potions
 f - a potion of haste
 i - a potion of might {unknown}


   Skills:
 - Level 3.2 Fighting
 + Level 4.7 Short Blades
 + Level 4.2 Dodging
 + Level 7.9 Stealth
 + Level 1.7 Spellcasting
 + Level 1.7 Conjurations
 + Level 1.6 Air Magic
 + Level 1.9 Evocations


You had 8 spell levels left.
You knew the following spells:

 Your Spells              Type           Power      Damage    Failure   Level
a - Shock                 Conj/Air       16%        1d4       22%         1

Your spell library contained the following spells:

 Spells                   Type           Power      Damage    Failure   Level
 Apportation              Tloc           0%         N/A       38%         1
 Pain                     Necr           0%         1d4       38%         1


Dungeon Overview and Level Annotations

Branches:
Dungeon (5/15)
 Temple: D:4-7

Altars:


Innate Abilities, Weirdness & Mutations

You are small and have problems with some larger weapons.
You are completely attuned to the shadows.


Message History

The scorpion is heavily wounded.
The zap hits the scorpion.
The scorpion is heavily wounded.
You feel very sick. The scorpion barely misses you.
Unknown command.
Casting: Shock (safe; 22% risk of failure)
Confirm with . or Enter, or press ? or * to list all spells.
Aiming: Shock (safe; 22% risk of failure)
Press: ? - help, Shift-Dir - straight line The zap hits the scorpion.
The scorpion is heavily wounded.
The zap hits the scorpion.
The scorpion is severely wounded.
You feel sick. The scorpion stings you.
You are lethally poisoned!
The scorpion poisons you!
The scorpion stings you but does no damage.
Casting: Shock (safe; 22% risk of failure)
Confirm with . or Enter, or press ? or * to list all spells.
Aiming: Shock (safe; 22% risk of failure)
Press: ? - help, Shift-Dir - straight line The zap hits the scorpion but does no damage.
The scorpion is severely wounded.
The zap hits the scorpion but does no damage.
The scorpion is severely wounded.
You feel very sick. The scorpion stings you.
* * * LOW HITPOINT WARNING * * *
Casting: Shock (safe; 22% risk of failure)
Confirm with . or Enter, or press ? or * to list all spells.
Aiming: Shock (safe; 22% risk of failure)
Press: ? - help, Shift-Dir - straight line The zap hits the scorpion.
The scorpion is almost dead.
The zap misses the scorpion.
* * * LOW HITPOINT WARNING * * *
You feel very sick. The scorpion stings you!
You die...

#.....#.####.###
#.#
#..#....##.....#
#.#
##...##.##..[..#
#.#
#..###.##.....#
#.#
#......##.....#
#.##
##...####.....#
#..# ###.#
####### ##.#
#.#### #.#
#..@.# #.#
####s# #.# #.#
...^.# #..
#.#### #### #


You could see a scorpion.

Vanquished Creatures
  A wyvern (D:5)
  An ogre (D:5)
  A scorpion (D:5)
  A hound (D:4)
  A bullfrog skeleton (D:5)
  2 adders (D:4)
  2 orcs (D:5)
  An endoplasm (D:4)
  2 goblins (D:4)
  A quokka (D:5)
13 creatures vanquished.

Notes
Turn   | Place    | Note
-------+----------+-------------------------------------------
     0 | D:5      | willcat the Kobold Delver began the quest for the Orb.
     0 | D:5      | Reached XP level 1. HP: 14/14 MP: 1/1
    48 | D:5      | Noticed a scorpion
    52 | D:5      | Killed a scorpion
    53 | D:5      | Reached skill level 7 in Stealth
    53 | D:5      | Reached XP level 2. HP: 19/19 MP: 2/2
    53 | D:5      | Reached XP level 3. HP: 23/23 MP: 3/3
    53 | D:5      | Reached XP level 4. HP: 28/28 MP: 4/4
   489 | D:4      | Got Dyog's Beginning Course on Witchcraft
   492 | D:4      | Learned a level 1 spell: Shock
   522 | D:4      | Noticed a phantom
   825 | D:4      | Reached XP level 5. HP: 30/32 MP: 5/5
  1320 | D:5      | Noticed an ogre
  1327 | D:5      | Killed an ogre
  1328 | D:5      | Reached skill level 1 in Spellcasting
  1328 | D:5      | Reached skill level 1 in Conjurations
  1328 | D:5      | Reached skill level 1 in Air Magic
  1328 | D:5      | Reached skill level 1 in Evocations
  1328 | D:5      | Reached XP level 6. HP: 37/37 MP: 3/7
  1486 | D:5      | Noticed a wyvern
  1490 | D:5      | Killed a wyvern
  1491 | D:5      | Reached XP level 7. HP: 41/41 MP: 9/9
  1518 | D:5      | Slain by a scorpion

Illustrated notes

Levels and vault maps discovered:
D:4:      layout_loops_ring, minmay_temple_entry_fiery
D:5:      layout_loops_cross

Skill      XL: |  1  2  3  4  5  6 |
---------------+-------------------+-----
Short Blades   | 3 4 |  4.7
Dodging        | 3 4 |  4.2
Stealth        | 7 |  7.9
Spellcasting   | 1 |  1.7
Conjurations   | 1 |  1.7
Air Magic      | 1 |  1.6
Evocations     | 1 |  1.9
Fighting       | |  3.2

Action                   |  1- 3 |  4- 6 |  7- 9 || total
-------------------------+-------+-------+-------++-------
Melee: Short sword       |     1 |    46 |       ||    47
       Punch             |       |     1 |       ||     1
       Rapier            |       |     4 |     2 ||     6
 Cast: Shock             |       |     7 |     5 ||    12
  Use: Scroll            |       |     2 |       ||     2
 Stab: Sleeping          |     1 |     5 |       ||     6
Armor: Leather armour    |       |     8 |     1 ||     9
Dodge: Dodged            |       |    33 |     4 ||    37
